[Event "Team 45 45 League T61"]
[Site "Internet Chess Club"]
[Date "2014.06.08"]
[Round "2"]
[White "elmaestro"]
[Black "TheRailgun"]
[Result "0-1"]
[WhiteElo "1753"]
[BlackElo "1882"]
[Opening "English: symmetrical variation"]
[ECO "A30"]
[Time "08:42:22"]
[TimeControl "2700+45"]

1. c4 c5 2. g3 g6 3. Bg2 Bg7 4. Nf3 Nc6 5. O-O d6 6. Nc3 Bf5 7. e4 Bg4 8. h3 Be6
9. d3 Nf6 10. Nd5 O-O 11. a3 Bd7 12. Bg5 Nxd5 13. exd5 Ne5 14. Nxe5 Bxe5 15. Rb1
a5 16. Re1 Re8 17. Be3 Qc8 18. Kh2 b5 19. b3 b4 20. a4 Bf5 21. Bc1 Ra7 22. Bb2
Bxb2 23. Rxb2 e5 24. dxe6 Rxe6 25. Rxe6 Qxe6 26. Re2 Qf6 27. Re8+ Kg7 28. Qe2
Qc3 29. Rd8 Rd7 30. Ra8 Be6 31. Bd5 Re7 32. Rxa5 Qc1 33. Bg2 Qc3 34. Rb5 Qxb3
35. a5 Qa3 36. Bd5 Qa1 37. Bxe6 Rxe6 38. Qf3 Qf1 39. Qg2 Qxd3 40. Qd5 Qf1 41.
Qd2 Re2 {White resigns} 0-1

[Event "Team 45 45 League T61"]
[Site "Internet Chess Club"]
[Date "2014.06.13"]
[Round "2"]
[White "Constrictor"]
[Black "ILRE"]
[Result "1-0"]
[WhiteElo "1673"]
[BlackElo "1585"]
[Opening "Réti: Nimzovich-Larsen attack"]
[ECO "A06"]
[Time "20:01:32"]
[TimeControl "2700+45"]

1. Nf3 d5 2. b3 e6 3. e3 Be7 4. Bb2 Nf6 5. c4 O-O 6. Nc3 c5 7. cxd5 exd5 8. d4
b6 9. Be2 Bf5 10. Rc1 Re8 11. O-O Nbd7 12. Bb5 a6 13. Bd3 Bg4 14. Be2 Nf8 15.
dxc5 bxc5 16. Ne5 Bxe2 17. Qxe2 Bd6 18. Ng4 d4 19. Nxf6+ Qxf6 20. Na4 Qh6 21. h3
Nd7 22. Qf3 Ne5 23. Qf5 Re6 24. f4 Rf6 25. Qg5 Nd3 26. Qxh6 Rxh6 27. Rc4 Nxb2
28. Nxb2 dxe3 29. Re1 Re6 30. Nd3 e2 31. Nxc5 Bxc5+ 32. Rxc5 Rd8 33. Rc2 Rde8
34. Kf2 g6 35. Rcxe2 Rxe2+ 36. Rxe2 Rc8 37. Rb2 Kg7 38. b4 Kf6 39. a4 Rc4 40.
Kg3 Kf5 41. b5 axb5 42. axb5 h5 43. b6 Rc8 44. b7 Rb8 45. Kf3 Ke6 46. g4 hxg4+
47. hxg4 Kd7 48. Ke4 Re8+ 49. Kd5 Rb8 50. Ke5 Ke7 51. g5 Kd7 52. Kf6 Ke8 53. Ke5
Ke7 54. Rb4 Kd7 55. f5 gxf5 56. Kxf5 Ke7 57. Rb3 Kf8 58. Rb6 Ke7 59. Ke5 Kd7 60.
Kf6 Ke8 61. Rb5 Kf8 62. Rc5 {Black resigns} 1-0

[Event "Team 45 45 League T61"]
[Site "Internet Chess Club"]
[Date "2014.06.08"]
[Round "2"]
[White "mongmong"]
[Black "Frankly"]
[Result "0-1"]
[WhiteElo "1607"]
[BlackElo "1778"]
[Opening "Grünfeld: Makogonov variation"]
[ECO "D94"]
[Time "14:07:10"]
[TimeControl "2700+45"]

1. d4 d5 2. Nf3 Nf6 3. e3 g6 4. c4 Bg7 5. Nc3 O-O 6. b4 c6 7. Bb2 Nbd7 8. cxd5
cxd5 9. Rc1 Nb6 10. Ne5 Nfd7 11. Nxd7 Bxd7 12. Be2 Nc4 13. Bxc4 dxc4 14. O-O Rc8
15. Qe2 b5 16. Ne4 f5 17. Nc5 f4 18. exf4 Rxf4 19. Rfe1 Bxd4 20. Bxd4 Rxd4 21.
Qxe7 Bf5 22. a3 Qd5 23. Ne6 Bxe6 24. Qxe6+ Qxe6 25. Rxe6 c3 26. Re2 c2 27. f3
Rd1+ 28. Re1 Rxe1+ {White resigns} 0-1

[Event "Team 45 45 League T61"]
[Site "Internet Chess Club"]
[Date "2014.06.08"]
[Round "2"]
[White "IshanR"]
[Black "kar120c"]
[Result "1-0"]
[WhiteElo "1865"]
[BlackElo "1794"]
[Opening "King's Indian: Sämisch, orthodox variation"]
[ECO "E85"]
[Time "20:02:11"]
[TimeControl "2700+45"]

1. d4 Nf6 2. c4 g6 3. Nc3 Bg7 4. e4 d6 5. f3 O-O 6. Be3 e5 7. Nge2 Nbd7 8. Qd2
b6 9. d5 Ba6 10. Nc1 Qe7 11. Nb3 Nh5 12. g4 Nf4 13. O-O-O g5 14. h4 gxh4 15.
Bxf4 exf4 16. Qxf4 Be5 17. Qh6 Bg3 18. Nd4 Qf6 19. Qxf6 Nxf6 20. Nf5 Bf4+ 21.
Kc2 Bg5 22. Nxh4 Bc8 23. Bd3 Bd7 24. Ng2 a6 25. f4 Nxg4 26. fxg5 Nf2 27. Rh6
Nxd1 28. Nxd1 Rae8 29. Nde3 Re5 30. Nf5 Bxf5 31. exf5 Kh8 32. Nf4 Rfe8 33. Nh5
Rg8 34. Nf6 Rg7 35. Kd2 a5 36. a3 a4 37. Bc2 c5 38. Rh5 Re7 39. Nxh7 Rxh7 40.
Rxh7+ Kxh7 41. f6+ {Black resigns} 1-0

[Event "Team 45 45 League T61"]
[Site "Internet Chess Club"]
[Date "2014.06.08"]
[Round "2"]
[White "Manas"]
[Black "Grebochess"]
[Result "1-0"]
[WhiteElo "1824"]
[BlackElo "1645"]
[Opening "Réti: King's Indian attack (Barcza system)"]
[ECO "A07"]
[Time "16:33:01"]
[TimeControl "2700+45"]

1. Nf3 d5 2. g3 Nf6 3. Bg2 e6 4. d3 c5 5. O-O Nc6 6. c3 Be7 7. Nbd2 O-O 8. e4
dxe4 9. Nxe4 Nxe4 10. dxe4 e5 11. Qe2 Be6 12. Rd1 Qc8 13. Be3 Rd8 14. Rxd8+ Qxd8
15. Rd1 Qa5 16. a3 h6 17. h3 c4 18. Nd2 Qb5 19. Nf3 Na5 20. Kh2 Nb3 21. Nd2 Nc5
22. Bxc5 Bxc5 23. Nf1 Qb6 24. Rd2 a5 25. Bf3 a4 26. Bg4 Bxg4 27. hxg4 Qe6 28.
Rd5 Ba7 29. Nd2 Qf6 30. Nxc4 Re8 31. Ne3 Re6 32. Qd2 Qg6 33. f3 Qg5 34. Nc4 Qe7
35. Ra5 Qb4 {Black resigns} 1-0

[Event "Team 45 45 League T61"]
[Site "Internet Chess Club"]
[Date "2014.06.06"]
[Round "2"]
[White "netballgirl"]
[Black "pishd"]
[Result "0-1"]
[WhiteElo "1826"]
[BlackElo "1778"]
[Opening "Catalan: closed, 7.Qc2"]
[ECO "E08"]
[Time "03:00:26"]
[TimeControl "2700+45"]

1. c4 e6 2. Nf3 Nf6 3. g3 d5 4. d4 Be7 5. Bg2 O-O 6. O-O Nbd7 7. Qc2 c6 8. Bg5
Ne4 9. Bxe7 Qxe7 10. Nbd2 Nxd2 11. Nxd2 Qd6 12. c5 Qc7 13. f4 b6 14. b4 Ba6 15.
Rfe1 bxc5 16. bxc5 Rab8 17. e4 Rfe8 18. Rab1 Rxb1 19. Rxb1 Rb8 20. exd5 Rxb1+
21. Qxb1 exd5 22. Qb4 Nf6 23. Nf3 Ng4 24. Qe1 Kf8 25. h3 Nh6 26. Qe5 Qc8 27.
Qd6+ Kg8 28. Ne5 Bb5 29. g4 f6 30. Nf3 Qe8 31. f5 Nf7 32. Qc7 a6 33. Kh2 h6 34.
Kg3 Ng5 35. Nxg5 hxg5 36. Kh2 Qe3 37. Qd8+ Kh7 38. Qf8 Qxd4 39. Qf7 Qxc5 40.
Qg6+ Kg8 41. Qe8+ Qf8 42. Qe6+ Kh7 43. Kg3 Qb8+ 44. Kf2 Qf4+ 45. Kg1 d4 46. Qf7
Qe3+ 47. Kh2 d3 48. Qh5+ Kg8 49. h4 d2 50. Bf3 Qf2+ 51. Bg2 c5 52. Kh3 Qe3+ 53.
Kh2 Qe5+ 54. Kh3 d1=Q {White resigns} 0-1

[Event "Team 45 45 League T61"]
[Site "Internet Chess Club"]
[Date "2014.06.05"]
[Round "2"]
[White "rusano"]
[Black "OzymandiasVII"]
[Result "1-0"]
[WhiteElo "1685"]
[BlackElo "1664"]
[Opening "Trompowsky attack (Ruth, Opocenský opening)"]
[ECO "A45"]
[Time "18:02:31"]
[TimeControl "2700+45"]

1. d4 Nf6 2. Bg5 d5 3. Bxf6 exf6 4. Nf3 Bg4 5. Nbd2 Bd6 6. e3 O-O 7. Bd3 Nd7 8.
c3 c5 9. Qc2 h6 10. h3 Be6 11. O-O-O c4 12. Bf5 b5 13. Bxe6 fxe6 14. g4 a5 15.
h4 b4 16. g5 h5 17. gxf6 Nxf6 18. Rdg1 Ng4 19. Ng5 Rf5 20. e4 Rxg5 21. hxg5 Qxg5
22. f3 Bf4 23. fxg4 hxg4 24. exd5 bxc3 25. bxc3 exd5 26. Qh7+ Kf7 27. Qh5+ Qxh5
28. Rxh5 g5 29. Rxg4 Kg6 30. Rh1 Kf5 31. Rg2 a4 32. Kc2 a3 33. Nb1 Re8 34. Nxa3
Ra8 35. Kb2 Rb8+ 36. Ka1 Ke4 37. Nc2 Kd3 38. Rh3+ Ke4 39. Re2+ Kf5 40. Nb4 Kg4
41. Rh1 Kf3 42. Rb2 Rb5 43. Nc6 Rxb2 44. Kxb2 Kg2 45. Ra1 Kf3 46. Ne5+ Ke2 47.
a4 Bd2 48. a5 Be3 49. a6 Kd2 50. a7 {Black resigns} 1-0

[Event "Team 45 45 League T61"]
[Site "Internet Chess Club"]
[Date "2014.06.09"]
[Round "2"]
[White "lacibacsi"]
[Black "kidviper"]
[Result "1/2-1/2"]
[WhiteElo "1968"]
[BlackElo "1967"]
[Opening "Scandinavian defense, Lasker variation"]
[ECO "B01"]
[Time "11:09:33"]
[TimeControl "2700+45"]

1. e4 d5 2. exd5 Qxd5 3. Nc3 Qa5 4. d4 Nf6 5. Nf3 Bg4 6. h3 Bh5 7. Bd2 c6 8. Bc4
Qc7 9. O-O e6 10. Re1 Be7 11. Qe2 Bxf3 12. Qxf3 O-O 13. Re2 Rd8 14. Bf4 Bd6 15.
Bg5 Nbd7 16. Ne4 Be7 17. c3 Re8 18. Bf4 Qd8 19. Ng5 Nf8 20. Rae1 Bd6 21. Be5 h6
22. Ne4 Be7 23. Bd3 N8h7 24. Nxf6+ Bxf6 25. Bxh7+ Kxh7 26. Re4 Bxe5 27. dxe5 Qe7
28. Rd1 Red8 29. Red4 Kg8 {Game drawn by mutual agreement} 1/2-1/2

[Event "Team 45 45 League T61"]
[Site "Internet Chess Club"]
[Date "2014.06.06"]
[Round "2"]
[White "kidcobra"]
[Black "Tobiasdelmonte"]
[Result "1/2-1/2"]
[WhiteElo "1802"]
[BlackElo "1826"]
[Opening "Nimzo-Indian: 4.e3"]
[ECO "E40"]
[Time "19:53:33"]
[TimeControl "2700+45"]

1. d4 Nf6 2. c4 e6 3. Nc3 Bb4 4. e3 Bxc3+ 5. bxc3 O-O 6. Bd3 c5 7. Ne2 d6 8. O-O
b6 9. e4 e5 10. d5 Bg4 11. f3 Bh5 12. Bg5 Nbd7 13. Ng3 Bg6 14. f4 h6 15. Bxf6
Nxf6 16. f5 Bh7 17. Nh5 Nxh5 18. Qxh5 Qf6 19. Rf3 Kh8 20. Raf1 Rfc8 21. g4 Rab8
22. h4 g5 23. fxg6 Qxg6 24. Rxf7 Qxh5 25. gxh5 Rg8+ 26. Kh2 Rg4 27. Kh3 Rbg8 28.
R7f3 Bxe4 29. Bxe4 Rxe4 30. Rf6 Re3+ 31. Kh2 Re2+ 32. Kh3 Re3+ 33. Kh2 Kh7 34.
Rxd6 Re2+ 35. Kh3 Re3+ 36. Kh2 Rg7 37. Rff6 Re2+ 38. Kh3 Re3+ 39. Kh2 Re2+ 40.
Kh3 Re3+ 41. Kh2 Re2+ {Game drawn by repetition} 1/2-1/2

[Event "Team 45 45 League T61"]
[Site "Internet Chess Club"]
[Date "2014.06.10"]
[Round "2"]
[White "FourKnights"]
[Black "baconwithfries"]
[Result "1/2-1/2"]
[WhiteElo "1742"]
[BlackElo "1581"]
[Opening "Benkö gambit"]
[ECO "A57"]
[Time "12:07:34"]
[TimeControl "2700+45"]

1. d4 Nf6 2. c4 c5 3. d5 b5 4. Qc2 Na6 5. a3 bxc4 6. e4 e6 7. Bxc4 exd5 8. exd5
Bd6 9. Nf3 Qe7+ 10. Kd1 O-O 11. Re1 Qd8 12. Nc3 Nc7 13. Bg5 Bb7 14. Ne4 Be7 15.
d6 Bxe4 16. Rxe4 Bxd6 17. Ke2 Be7 18. Re3 d5 19. Rd1 Rb8 20. Kf1 Rb6 21. b3
{Game drawn by mutual agreement} 1/2-1/2

[Event "Team 45 45 League T61"]
[Site "Internet Chess Club"]
[Date "2014.06.08"]
[Round "2"]
[White "kabindra"]
[Black "amicusUK"]
[Result "1-0"]
[WhiteElo "1752"]
[BlackElo "1647"]
[Opening "French: Rubinstein variation"]
[ECO "C03"]
[Time "12:00:23"]
[TimeControl "2700+45"]

1. e4 e6 2. d4 d5 3. Nd2 dxe4 4. Nxe4 Nd7 5. Nf3 Ngf6 6. Bg5 h6 7. Nxf6+ Nxf6 8.
Bh4 c5 9. dxc5 Qxd1+ 10. Rxd1 Bxc5 11. Bxf6 gxf6 12. Bb5+ Ke7 13. O-O a6 14. Ba4
b5 15. Bb3 Bb7 16. Nh4 Rad8 17. Rde1 Kd7 18. c4 Bc6 19. cxb5 Bxb5 20. Rd1+ Kc7
21. Rxd8 Rxd8 22. Rc1 Kd6 23. Rd1+ Ke7 24. Rxd8 Kxd8 25. Nf3 Kc7 26. Nd2 f5 27.
Bc2 Bd4 28. b3 Kb6 29. Nc4+ Kc5 30. Bd3 Kb4 31. a4 Bxa4 32. bxa4 Kxa4 33. Nd6 a5
34. Nxf7 h5 35. Ng5 Kb3 36. Nxe6 Ba7 37. Bxf5 a4 38. Ng7 h4 39. Be6+ Kb2 40. Nf5
{Black resigns} 1-0